AoeStats
← :)

Pilgrims

509750067Analyzed
4v4 RM · 6d ago on Sep 27, 2026· 40m 13s· 8 players
Game mode
Random Map
Map size
Large (8 player)
Population
200
Speed
Normal
Resources
Standard
Victory
Conquest
Starting age
Dark Age
Ending age
Imperial Age
RankedLock teamsTeams togetherTeam positionsShared explorationLock speedFull tech treeHidden civsTurbo modeCheats
Victory
Defeat
🇦🇷 Huns · Argentina
1348
+13
🇨🇴 Danes · Colombia
1289
+15
🇺🇸 Vikings · United States
1255
+17
🇪🇨 Armenians · Ecuador
1183
+20
🇦🇷 Huns · Argentina
1286
-17
🇩🇪 Varangians · Germany
1282
-17
🇦🇷 Spanish · Argentina
1271
-16
🇨🇳 Japanese · China
1246
-15
itzdartzz_
11:59 Feudal Age
10:15 Loom
13:19 Fletching
14:33 Padded Archer Armor
14:38 Double-Bit Axe
20:37 Castle Age
22:45 Bow Saw
22:40 Bodkin Arrow
23:00 Leather Archer Armor
32:38 Gold Mining
32:39 Stone Mining
33:49 Crossbowman
34:54 Town Watch
41:18 Imperial Age
38:51 Town Patrol
38:54 Fishing Lines
Lord_Juanuribe
4:13 Loom
13:28 Feudal Age
15:08 Double-Bit Axe
17:24 Fishing Lines
17:32 Horse Collar
18:00 Scale Mail Armor
18:09 Gold Mining
23:22 Castle Age
26:02 Forging
26:24 Bow Saw
26:51 Wheelbarrow
26:20 Heavy Plow
26:23 Squires
26:41 Chain Mail Armor
28:02 Iron Casting
28:12 Hand Cart
30:07 Gold Shaft Mining
30:25 Arson
32:41 Gillnets
34:47 Fletching
36:17 Bodkin Arrow
36:24 Town Watch
Nelware1
4:12 Loom
12:57 Feudal Age
13:51 Double-Bit Axe
13:57 Gold Mining
17:17 Man-at-Arms
17:56 Horse Collar
19:04 Long Swordsman
20:38 Scale Mail Armor
20:49 Forging
21:19 Fishing Lines
22:30 Wheelbarrow
23:02 Arson
25:50 Castle Age
26:25 Stone Mining
26:47 Town Watch
26:43 Two-Handed Swordsman
27:09 Gambesons
28:35 Chain Mail Armor
30:25 Champion
32:35 Gillnets
35:27 Imperial Age
36:40 Iron Casting
35:38 Capped Ram
37:13 Plate Mail Armor
38:10 Conscription
tafarafa
10:50 Feudal Age
11:42 Double-Bit Axe
12:19 Fletching
12:16 Loom
12:52 Gold Mining
14:46 Horse Collar
14:56 Town Watch
17:15 Castle Age
15:43 Fishing Lines
18:05 Scale Mail Armor
18:34 Bodkin Arrow
18:53 Medium Warships
21:06 Ballistics
20:25 Elite Skirmisher
22:06 Padded Archer Armor
23:04 Leather Archer Armor
25:02 Gillnets
26:02 Bow Saw
25:55 Stone Mining
26:58 Wheelbarrow
30:34 Wheelbarrow
32:49 Imperial Age
32:57 Imperial Age
33:36 Bloodlines
33:47 Bracer
34:20 Parthian Tactics
37:05 Chemistry
37:58 Conscription
38:42 Husbandry
Creed
9:10 Loom
12:16 Feudal Age
14:22 Fletching
17:28 Double-Bit Axe
20:13 Castle Age
24:35 Stone Mining
24:36 Gold Mining
27:56 Horse Collar
31:19 Forging
32:48 Scale Barding Armor
37:36 Imperial Age
35:41 Heavy Plow
36:41 Iron Casting
wuming
3:11 Loom
11:30 Feudal Age
11:57 Fishing Lines
12:04 Double-Bit Axe
15:47 Castle Age
14:21 Forging
14:51 Town Watch
15:41 Wheelbarrow
17:16 Iron Casting
16:53 Medium Warships
16:34 Gillnets
17:26 Gillnets
21:10 Bow Saw
20:51 Gold Mining
20:51 Stone Mining
22:30 Fletching
33:17 Scale Mail Armor
felixaleman1010
7:54 Loom
12:36 Feudal Age
13:47 Double-Bit Axe
16:39 Fishing Lines
19:03 Castle Age
18:47 Scale Barding Armor
18:52 Forging
19:49 Bloodlines
19:38 Light Cavalry
21:10 Fletching
22:06 Bodkin Arrow
28:10 Husbandry
30:17 Padded Archer Armor
32:20 Leather Archer Armor
36:04 Chain Barding Armor
36:50 Bow Saw
37:58 Horse Collar
:)
6:35 Loom
12:12 Feudal Age
16:45 Castle Age
14:43 Fletching
14:53 Padded Archer Armor
14:59 Double-Bit Axe
17:30 Bodkin Arrow
17:51 Leather Archer Armor
17:41 Gold Mining
18:46 Thumb Ring
30:34 Horse Collar
36:51 Wheelbarrow
37:29 Ballistics
Connection lost

Rejoining the realm…

Still unreachable

The connection could not be restored.

Session expired

The server has moved on; the page needs a fresh start.